General information
- name: BNet
- type: Ladder team game (AT/RT)
- host: Battle.net
- saver: JakdfaDANJbioll
map: MarketSquare
- players: 8
- length: 31:02
- speed: Fast
- version: 1.26 W3XP
- replay type: Public
» download(212 KB)
Players
team 1 (winner)
o_O_O_O_o (
orange | 54 APM | 1666 actions | 31:02)
7 Paladin
2 Holy Light
1 Divine Shield
3 Devotion Aura
1 Resurrection
6 Mountain King
3 Storm Bolt
3 Bash
» actions
| Assign group hotkey | 38 | |
| Basic commands | 196 | |
| Build / train | 91 | |
| ESC pressed | 2 | |
| Enter build submenu | 29 | |
| Enter hero's abilities submenu | 13 | |
| Give item / drop item | 1 | |
| Right click | 243 | |
| Select / deselect | 245 | |
| Select group hotkey | 681 | |
| Use ability | 127 | |
1666 total
» units
| Peasant | 9 | |
| Rifleman | 8 | |
| Dragonhawk Rider | 10 | |
| Gryphon Rider | 9 | |
36 total
» upgrades
| Long Rifles | 1 | |
| Gunpowder | 3 | |
| Armor | 3 | |
| Masonry | 3 | |
| Storm Hammers | 1 | |
| Cloud | 1 | |
| Animal War Training | 1 | |
| Swords | 3 | |
| Lumber Harvesting | 1 | |
17 total
» buildings
| Altar of Kings | 1 | |
| Farm | 13 | |
| Scout Tower | 8 | |
| Arcane Tower | 3 | |
| Lumber Mill | 3 | |
| Barracks | 1 | |
| Blacksmith | 1 | |
| Arcane Vault | 1 | |
| Keep | 1 | |
| Castle | 1 | |
| Gryphon Aviary | 2 | |
| Guard Tower | 5 | |
| Town Hall | 1 | |
41 total
» build order
00:13 Altar of Kings
00:20 Farm
00:28 Scout Tower
00:55 Arcane Tower
01:04 Scout Tower
01:19 Lumber Mill
01:41 Arcane Tower
01:46 Farm
01:58 Farm
02:21 Barracks
02:38 Blacksmith
03:37 Scout Tower
03:45 Farm
03:47 Farm
04:04 Arcane Vault
04:37 Arcane Tower
04:51 Keep
06:22 Farm
07:14 Castle
09:08 Farm
09:09 Farm
09:14 Farm
09:31 Scout Tower
09:46 Gryphon Aviary
09:47 Gryphon Aviary
10:28 Guard Tower
10:36 Farm
12:18 Lumber Mill
13:08 Scout Tower
13:09 Scout Tower
13:13 Scout Tower
13:14 Scout Tower
13:52 Guard Tower
13:52 Guard Tower
14:22 Guard Tower
14:22 Guard Tower
14:34 Lumber Mill
15:18 Farm
15:19 Farm
20:56 Town Hall
28:58 Farm
» items
| Scroll of Regeneration | 4 | |
| Lesser Clarity Potion | 2 | |
| Boots of Speed | 2 | |
| Potion of Lesser Invulnerability | 1 | |
| Scroll of Town Portal | 2 | |
| Dust of Appearance | 1 | |
12 total
RufusTheOscar (
blue | 44 APM | 1379 actions | 31:02)
6 Paladin
1 Holy Light
3 Devotion Aura
1 Divine Shield
1 Resurrection
» actions
| Assign group hotkey | 38 | |
| Basic commands | 25 | |
| Build / train | 89 | |
| ESC pressed | 2 | |
| Enter build submenu | 43 | |
| Enter hero's abilities submenu | 6 | |
| Right click | 545 | |
| Select / deselect | 240 | |
| Select group hotkey | 327 | |
| Use ability | 64 | |
1379 total
» units
| Peasant | 20 | |
| Footman | 13 | |
| Knight | 10 | |
| Siege Engine | 4 | |
47 total
» upgrades
| Swords | 2 | |
| Masonry | 2 | |
| Plating | 3 | |
| Gunpowder | 1 | |
| Barrage | 1 | |
| Animal War Training | 1 | |
| Magic Sentry | 1 | |
11 total
» buildings
| Barracks | 2 | |
| Farm | 9 | |
| Altar of Kings | 1 | |
| Scout Tower | 22 | |
| Arcane Tower | 3 | |
| Lumber Mill | 1 | |
| Guard Tower | 14 | |
| Blacksmith | 1 | |
| Keep | 1 | |
| Arcane Vault | 1 | |
| Castle | 1 | |
| Workshop | 1 | |
| Town Hall | 2 | |
| Arcane Sanctum | 1 | |
60 total
» build order
00:19 Barracks
00:24 Farm
01:02 Farm
01:21 Altar of Kings
01:28 Scout Tower
02:17 Arcane Tower
02:39 Lumber Mill
03:29 Farm
03:41 Scout Tower
03:58 Scout Tower
05:00 Guard Tower
05:16 Blacksmith
05:19 Scout Tower
05:31 Keep
05:41 Scout Tower
06:04 Guard Tower
06:07 Scout Tower
06:12 Guard Tower
06:40 Guard Tower
07:22 Arcane Vault
08:50 Castle
09:02 Workshop
09:34 Barracks
10:31 Farm
12:19 Farm
12:49 Farm
13:16 Scout Tower
14:21 Guard Tower
14:24 Scout Tower
14:53 Scout Tower
15:04 Farm
15:41 Guard Tower
15:44 Scout Tower
15:50 Farm
16:09 Town Hall
16:11 Guard Tower
16:38 Guard Tower
17:19 Scout Tower
17:49 Guard Tower
17:52 Scout Tower
18:33 Town Hall
19:40 Farm
21:47 Guard Tower
21:49 Scout Tower
22:21 Guard Tower
22:24 Scout Tower
25:36 Scout Tower
25:41 Arcane Sanctum
26:04 Guard Tower
26:06 Scout Tower
26:35 Guard Tower
26:38 Scout Tower
27:07 Scout Tower
27:21 Scout Tower
27:38 Guard Tower
27:47 Arcane Tower
28:32 Scout Tower
28:54 Scout Tower
29:01 Arcane Tower
29:04 Scout Tower
» items
| Scroll of Town Portal | 3 | |
| Orb of Fire | 1 | |
| Potion of Lesser Invulnerability | 1 | |
5 total
LIVEwardenLIVE (
teal | 30 APM | 925 actions | 31:02)
7 Warden
3 Fan of Knives
3 Blink
1 Spirit of Vengeance
» actions
| Build / train | 96 | |
| Enter build submenu | 25 | |
| Enter hero's abilities submenu | 7 | |
| Remove unit from queue | 1 | |
| Right click | 327 | |
| Select / deselect | 390 | |
| Use ability | 79 | |
925 total
» units
| Wisp | 25 | |
| Archer | 24 | |
| Druid of the Talon | 20 | |
| Hippogryph | 4 | |
73 total
» upgrades
| Strength of the Moon | 1 | |
| Moon Armor | 1 | |
| Improved Bows | 1 | |
| Druid of the Talon Training | 2 | |
| Mark of the Talon | 1 | |
| Strength of the Wild | 1 | |
| Reinforced Hides | 1 | |
| Marksmanship | 1 | |
9 total
» buildings
| Altar of Elders | 1 | |
| Moon Well | 7 | |
| Ancient of War | 1 | |
| Hunter's Hall | 1 | |
| Tree of Ages | 1 | |
| Ancient of Wind | 1 | |
| Tree of Eternity | 1 | |
| Ancient of Wonders | 1 | |
| Tree of Life | 5 | |
| Ancient Protector | 7 | |
26 total
» build order
00:06 Altar of Elders
00:08 Moon Well
00:25 Ancient of War
01:43 Moon Well
03:07 Hunter's Hall
03:29 Moon Well
04:49 Tree of Ages
05:21 Moon Well
07:28 Ancient of Wind
09:03 Moon Well
09:04 Moon Well
09:15 Tree of Eternity
09:33 Ancient of Wonders
11:01 Tree of Life
13:32 Ancient Protector
13:37 Ancient Protector
13:48 Ancient Protector
14:01 Ancient Protector
14:11 Ancient Protector
14:30 Ancient Protector
15:00 Ancient Protector
16:58 Tree of Life
17:11 Tree of Life
17:19 Moon Well
23:56 Tree of Life
29:34 Tree of Life
» items
| Scroll of Town Portal | 2 | |
| Scroll of Healing | 1 | |
| Orb of Venom | 1 | |
4 total
JakdfaDANJbioll (
yellow | 102 APM | 3154 actions | 31:02)
8 Blood Mage
3 Flame Strike
3 Siphon Mana
1 Summon Phoenix
1 Banish
» actions
| Assign group hotkey | 83 | |
| Basic commands | 117 | |
| Build / train | 203 | |
| ESC pressed | 10 | |
| Enter build submenu | 45 | |
| Enter hero's abilities submenu | 8 | |
| Give item / drop item | 2 | |
| Remove unit from queue | 2 | |
| Right click | 717 | |
| Select / deselect | 433 | |
| Select group hotkey | 1295 | |
| Use ability | 239 | |
3154 total
» units
| Peasant | 35 | |
| Footman | 14 | |
| Sorceress | 3 | |
| Knight | 8 | |
| Priest | 3 | |
| Gryphon Rider | 7 | |
| Spell Breaker | 1 | |
71 total
» upgrades
| Masonry | 3 | |
| Lumber Harvesting | 2 | |
| Magic Sentry | 1 | |
| Sorceress Training | 2 | |
| Swords | 3 | |
| Armor | 3 | |
| Animal War Training | 1 | |
| Priest Training | 2 | |
| Plating | 3 | |
| Storm Hammers | 1 | |
| Cloud | 1 | |
| Backpack | 1 | |
| Gunpowder | 3 | |
| Control Magic | 1 | |
| Defend | 1 | |
| Long Rifles | 1 | |
29 total
» buildings
| Altar of Kings | 1 | |
| Barracks | 1 | |
| Farm | 14 | |
| Scout Tower | 15 | |
| Arcane Tower | 5 | |
| Lumber Mill | 1 | |
| Guard Tower | 36 | |
| Arcane Vault | 1 | |
| Keep | 3 | |
| Town Hall | 1 | |
| Arcane Sanctum | 1 | |
| Castle | 5 | |
| Blacksmith | 1 | |
| Gryphon Aviary | 2 | |
87 total
» build order
00:13 Altar of Kings
00:16 Barracks
00:21 Farm
00:55 Farm
01:41 Farm
02:22 Farm
03:38 Scout Tower
03:55 Arcane Tower
03:55 Arcane Tower
03:56 Arcane Tower
04:28 Lumber Mill
05:37 Scout Tower
06:03 Guard Tower
06:03 Guard Tower
06:04 Guard Tower
06:20 Scout Tower
06:43 Arcane Vault
06:53 Guard Tower
06:54 Guard Tower
06:55 Scout Tower
07:04 Keep
07:04 Keep
07:25 Guard Tower
07:25 Guard Tower
07:55 Town Hall
08:22 Scout Tower
08:34 Scout Tower
08:36 Scout Tower
08:40 Scout Tower
08:56 Arcane Tower
09:57 Guard Tower
09:57 Guard Tower
10:15 Guard Tower
10:24 Guard Tower
10:42 Scout Tower
11:01 Guard Tower
11:01 Guard Tower
11:01 Guard Tower
11:01 Guard Tower
11:02 Guard Tower
11:12 Guard Tower
11:12 Guard Tower
11:36 Arcane Sanctum
11:44 Scout Tower
11:50 Scout Tower
12:34 Guard Tower
12:37 Castle
12:37 Castle
13:03 Guard Tower
13:03 Guard Tower
13:40 Scout Tower
13:42 Scout Tower
13:44 Scout Tower
13:53 Blacksmith
14:23 Guard Tower
14:43 Guard Tower
14:44 Guard Tower
14:48 Guard Tower
14:48 Guard Tower
15:09 Scout Tower
16:09 Farm
16:39 Gryphon Aviary
16:43 Gryphon Aviary
18:00 Guard Tower
18:20 Farm
18:20 Farm
18:22 Farm
18:24 Farm
19:55 Guard Tower
19:55 Guard Tower
21:37 Farm
21:37 Farm
21:38 Farm
24:56 Farm
25:01 Farm
» items
| Scroll of Regeneration | 4 | |
| Boots of Speed | 2 | |
| Staff of Teleportation | 1 | |
| Potion of Invisibility | 3 | |
| Lesser Clarity Potion | 7 | |
| Potion of Healing | 2 | |
| Potion of Mana | 2 | |
| Ivory Tower | 6 | |
| Periapt of Vitality | 1 | |
| Scroll of Town Portal | 2 | |
| Orb of Fire | 1 | |
31 total
team 2 (loser)
prestone (
green | 48 APM | 1499 actions | 31:02)
6 Blademaster
1 Wind Walk
1 Mirror Image
3 Critical Strike
1 Bladestorm
» actions
| Assign group hotkey | 15 | |
| Basic commands | 3 | |
| Build / train | 53 | |
| ESC pressed | 2 | |
| Enter build submenu | 15 | |
| Enter hero's abilities submenu | 7 | |
| Give item / drop item | 2 | |
| Right click | 656 | |
| Select / deselect | 154 | |
| Select group hotkey | 470 | |
| Use ability | 122 | |
1499 total
» units
| Peon | 9 | |
| Wind Rider | 13 | |
| Troll Batrider | 1 | |
| Raider | 2 | |
25 total
» upgrades
| Ranged Weapons | 3 | |
| Armor | 3 | |
| Envenomed Spears | 1 | |
| Ensnare | 1 | |
8 total
» buildings
| Altar of Storms | 1 | |
| Orc Burrow | 6 | |
| Voodoo Lounge | 1 | |
| Stronghold | 1 | |
| War Mill | 1 | |
| Fortress | 1 | |
| Beastiary | 2 | |
| Great Hall | 4 | |
17 total
» build order
00:09 Altar of Storms
00:13 Orc Burrow
00:53 Voodoo Lounge
02:20 Stronghold
02:32 War Mill
02:37 Orc Burrow
04:08 Orc Burrow
04:43 Fortress
04:46 Beastiary
04:48 Beastiary
05:20 Orc Burrow
09:35 Great Hall
17:08 Great Hall
26:28 Orc Burrow
28:33 Great Hall
28:50 Orc Burrow
30:22 Great Hall
» items
| Healing Salve | 3 | |
| Lesser Clarity Potion | 1 | |
| Orb of Lightning | 1 | |
| Potion of Healing | 2 | |
| Boots of Speed | 1 | |
| Scroll of Town Portal | 1 | |
9 total

»
bobby1 (
pink | 64 APM | 1846 actions | 28:45)
5 Death Knight
3 Death Coil
2 Unholy Aura
3 Lich
2 Frost Nova
1 Frost Armor
» actions
| Assign group hotkey | 13 | |
| Build / train | 97 | |
| Enter build submenu | 28 | |
| Enter hero's abilities submenu | 8 | |
| Remove unit from queue | 3 | |
| Right click | 1094 | |
| Select / deselect | 456 | |
| Select group hotkey | 48 | |
| Use ability | 99 | |
1846 total
» units
| Acolyte | 18 | |
| Ghoul | 6 | |
| Crypt Fiend | 19 | |
| Troll Witch Doctor | 2 | |
| Shaman | 2 | |
| Peon | 3 | |
50 total
» upgrades
| Creature Attack | 3 | |
| Creature Carapace | 3 | |
| Web | 1 | |
| Spiked Barricades | 1 | |
8 total
» buildings
| Crypt | 1 | |
| Ziggurat | 11 | |
| Altar of Darkness | 1 | |
| Graveyard | 1 | |
| Tomb of Relics | 1 | |
| Halls of the Dead | 1 | |
| Spirit Tower | 6 | |
| Nerubian Tower | 2 | |
| Black Citadel | 3 | |
| Necropolis | 1 | |
| Sacrificial Pit | 1 | |
| Boneyard | 2 | |
| Watch Tower | 8 | |
39 total
» build order
00:12 Crypt
00:14 Ziggurat
00:58 Altar of Darkness
01:10 Graveyard
01:32 Ziggurat
02:30 Tomb of Relics
03:29 Ziggurat
05:29 Halls of the Dead
06:35 Ziggurat
06:37 Spirit Tower
06:38 Nerubian Tower
09:02 Black Citadel
09:02 Black Citadel
09:25 Ziggurat
14:15 Ziggurat
15:03 Black Citadel
16:24 Ziggurat
20:47 Necropolis
22:29 Sacrificial Pit
22:32 Ziggurat
22:32 Ziggurat
23:44 Spirit Tower
23:45 Spirit Tower
23:45 Spirit Tower
23:47 Spirit Tower
24:28 Nerubian Tower
24:31 Spirit Tower
25:50 Boneyard
25:51 Boneyard
26:19 Ziggurat
26:20 Ziggurat
27:28 Watch Tower
27:29 Watch Tower
27:35 Watch Tower
27:35 Watch Tower
28:06 Watch Tower
28:10 Watch Tower
28:14 Watch Tower
28:17 Watch Tower
» items
| Rod of Necromancy | 4 | |
| Potion of Healing | 3 | |
| Healing Salve | 1 | |
| Scroll of Town Portal | 2 | |
10 total
LetMeOut (
red | 35 APM | 817 actions | 23:14)
4 Blademaster
2 Wind Walk
2 Critical Strike
2 Shadow Hunter
1 Healing Wave
1 Hex
» actions
| Basic commands | 1 | |
| Build / train | 53 | |
| Enter build submenu | 19 | |
| Enter hero's abilities submenu | 6 | |
| Give item / drop item | 2 | |
| Remove unit from queue | 6 | |
| Right click | 450 | |
| Select / deselect | 216 | |
| Use ability | 64 | |
817 total
» units
| Peon | 14 | |
| Grunt | 7 | |
| Troll Batrider | 4 | |
25 total
» upgrades
| Melee Weapons | 2 | |
| Armor | 2 | |
| Ensnare | 1 | |
5 total
» buildings
| Altar of Storms | 1 | |
| Orc Burrow | 8 | |
| Voodoo Lounge | 1 | |
| Barracks | 1 | |
| War Mill | 1 | |
| Stronghold | 1 | |
| Beastiary | 2 | |
| Watch Tower | 12 | |
| Great Hall | 1 | |
28 total
» build order
00:12 Altar of Storms
00:16 Orc Burrow
00:35 Voodoo Lounge
01:40 Barracks
01:46 Orc Burrow
02:06 War Mill
02:34 Orc Burrow
04:21 Stronghold
04:27 Orc Burrow
07:33 Beastiary
07:35 Beastiary
08:14 Watch Tower
08:17 Watch Tower
08:19 Watch Tower
09:41 Watch Tower
09:42 Watch Tower
09:43 Watch Tower
11:46 Watch Tower
11:48 Watch Tower
11:50 Watch Tower
13:46 Watch Tower
13:47 Watch Tower
13:48 Watch Tower
15:20 Orc Burrow
15:22 Orc Burrow
15:29 Great Hall
17:01 Orc Burrow
17:30 Orc Burrow
» items
| Healing Salve | 3 | |
| Lesser Clarity Potion | 3 | |
| Scroll of Town Portal | 2 | |
| Scroll of Speed | 1 | |
9 total

»
daniloabc (
purple | 65 APM | 1691 actions | 25:52)
4 Blademaster
1 Wind Walk
2 Critical Strike
1 Mirror Image
4 Tauren Chieftain
2 Endurance Aura
2 War Stomp
» actions
| Build / train | 85 | |
| Enter build submenu | 17 | |
| Enter hero's abilities submenu | 8 | |
| Give item / drop item | 3 | |
| Right click | 1048 | |
| Select / deselect | 424 | |
| Use ability | 106 | |
1691 total
» units
| Peon | 21 | |
| Troll Headhunter/Berserker | 7 | |
| Shaman | 5 | |
| Troll Witch Doctor | 6 | |
| Raider | 5 | |
| Troll Batrider | 3 | |
47 total
» upgrades
| Armor | 2 | |
| Melee Weapons | 3 | |
| Spiked Barricades | 2 | |
| Troll Regeneration | 1 | |
| Shaman Training | 2 | |
| Witch Doctor Training | 2 | |
| Reinforced Defenses | 1 | |
| Ensnare | 1 | |
| Pillage | 1 | |
| Liquid Fire | 1 | |
16 total
» buildings
| Altar of Storms | 2 | |
| Orc Burrow | 8 | |
| Barracks | 1 | |
| War Mill | 1 | |
| Stronghold | 1 | |
| Watch Tower | 3 | |
| Fortress | 1 | |
| Voodoo Lounge | 1 | |
| Spirit Lodge | 3 | |
| Beastiary | 2 | |
| Great Hall | 1 | |
24 total
» build order
00:09 Altar of Storms
00:15 Orc Burrow
01:41 Barracks
01:45 War Mill
01:56 Orc Burrow
02:45 Orc Burrow
03:30 Stronghold
04:57 Watch Tower
04:58 Watch Tower
05:23 Orc Burrow
05:26 Watch Tower
07:27 Fortress
07:31 Voodoo Lounge
08:31 Spirit Lodge
08:33 Spirit Lodge
08:34 Spirit Lodge
11:16 Beastiary
15:01 Great Hall
16:39 Orc Burrow
16:40 Orc Burrow
16:41 Orc Burrow
17:40 Beastiary
22:12 Orc Burrow
25:00 Altar of Storms
» items
| Healing Salve | 3 | |
| Potion of Healing | 1 | |
| Lesser Clarity Potion | 3 | |
| Scroll of Speed | 2 | |
| Orb of Lightning | 1 | |
10 total
Chat log
(00:28 / All) bobby1: sorry warden the jail is are and deadwardendead
(00:39 / All) LIVEwardenLIVE: never
(00:46 / All) JakdfaDANJbioll: We'll see about that you aggressive cocky motherfucker
(00:51 / All) bobby1: prisoners show no mercy
(00:56 / All) LIVEwardenLIVE: my allies will protect the warden
(01:53 / All) LIVEwardenLIVE: right guys!?
(02:03 / All) bobby1: your doomed
(02:03 / All) JakdfaDANJbioll: For great justice
(02:15 / All) LIVEwardenLIVE: well yellows down with the system
(02:20 / All) LIVEwardenLIVE: even if we lost
(02:26 / All) prestone: sure he is
(02:26 / All) LIVEwardenLIVE: as long as the warden lives we truly win
(06:24 / All) LIVEwardenLIVE: well how rude
(06:31 / All) LIVEwardenLIVE: all teching to wyvern?
(06:42 / All) daniloabc: no
(06:48 / All) daniloabc: wyverns is noob
(06:57 / All) daniloabc: i dont like bats
(07:09 / All) LIVEwardenLIVE: he;s obviously gonna mass witch doctors for the lols
(07:18 / All) daniloabc: no doctors
(07:41 / All) daniloabc: mass blade master
(07:51 / Allies) LIVEwardenLIVE: that's the best idea
(08:10 / Allies) JakdfaDANJbioll: omw
(12:37 / All) LetMeOut: ORANGE COME
(12:47 / Allies) JakdfaDANJbioll: I'm harassing nonstop, try to take advantage of it
(13:19 / Allies) o_O_O_O_o: red has raiders
(13:20 / Allies) o_O_O_O_o: tower up
(17:11 / Allies) JakdfaDANJbioll: mass wyverns
(17:13 / Allies) JakdfaDANJbioll: from green
(17:27 / Allies) o_O_O_O_o: i'm making hawks
(17:34 / Allies) LIVEwardenLIVE: i got archers and crows
(18:34 / Allies) JakdfaDANJbioll: wood me if you have any spare please
(18:42 / Allies) JakdfaDANJbioll: ty
(22:24 / Allies) o_O_O_O_o: i have cloud
(22:31 / Allies) JakdfaDANJbioll: your hall oj
(22:39 / Allies) o_O_O_O_o: lol
(23:17 / All) JakdfaDANJbioll: lol
(23:28 / All) o_O_O_O_o: noob orcs
(24:20 / All) JakdfaDANJbioll: You lost btw
(24:22 / All) JakdfaDANJbioll: Not sure if you noticed
(24:56 / All) o_O_O_O_o: gg noobs
(25:03 / All) JakdfaDANJbioll: gg
(25:09 / All) LIVEwardenLIVE: we lost yellow
(25:12 / All) LIVEwardenLIVE: the warden was slain
(25:25 / All) JakdfaDANJbioll: Even if not a moral victory we shall have another point on our records
(25:29 / All) JakdfaDANJbioll: For we fought valiantly
(25:37 / All) LIVEwardenLIVE: ahh but do not fret
(25:47 / All) LIVEwardenLIVE: for there is an ancient ritual to revive our hero
(26:20 / All) LIVEwardenLIVE: green picked on the wardens tree
(26:23 / All) LIVEwardenLIVE: death to orcs
(26:36 / All) LIVEwardenLIVE: Look yellow she has returned!
(28:24 / All) JakdfaDANJbioll: You can leave
(28:25 / All) JakdfaDANJbioll: if you didn't know
(28:36 / All) o_O_O_O_o: lol noob
(30:34 / All) LIVEwardenLIVE: purple
(30:37 / All) LIVEwardenLIVE: I challenge your bm
(30:39 / All) LIVEwardenLIVE: 1 on 1 fight